 Dungeon Crawl Stone Soup version 0.30.1-4-g462c640d31 (webtiles) character file.

Game seed: 11348162393279120769

487537 HagarQim the Slayer (level 23, -1/210 HPs)
             Began as a Minotaur Fighter on Sept 9, 2023.
             Was the Champion of Uskayaw.
             Slain by a vault guard
             ... wielding a +0 great sword
              (15 damage)
             ... on level 4 of the Vaults on Sept 11, 2023.
             The game lasted 04:18:53 (48187 turns).

HagarQim the Slayer (Minotaur Fighter)             Turns: 48187, Time: 04:18:53

Health: -1/210     AC: 37    Str: 37    XL:     23   Next: 52%
Magic:  11/11      EV: 11    Int:  8    God:    Uskayaw [******]
Gold:   4854       SH: 22    Dex: 15    Spells: 22/22 levels left

rFire   + . .        Y - +9 demon trident (antimagic)
rCold   + + +        p - +2 tower shield
rNeg    + + +        t - +4 plate armour of Weightlessness {*Slow rC+++ Str+5}
rPois   +            h - +2 hat {Int+3}
rElec   +            s - +2 cloak
rCorr   .            y - +2 pair of gloves
SInv    +            A - +2 pair of boots {Fly}
Will    ++++.        C - amulet of Doors {rPois rN+++ Regen+ Int-2 SInv} Stlth
                     X - ring of Ru's Reproof {Drain rElec rC+ Will+++ Int+2}
HPRegen 1.35/turn    x - ring "Erecafru" {rPois rF+ Str+2 Dex+3}
MPRegen 0.12/turn

%: slow self (1%)
@: flying, studying Unarmed Combat
A: horns 2, retaliatory headbutt, deterioration 1, frail 1
}: 3/15 runes: barnacled, abyssal, gossamer
a: Renounce Religion, Stomp, Line Pass, Grand Finale


You were on level 4 of the Vaults.
You worshipped Uskayaw.
Uskayaw was most pleased with you.
You visited 8 branches of the dungeon, and saw 42 of its levels.
You visited the Abyss 1 time.
You also visited: Bailey and Ice Cave.

You collected 6563 gold pieces.
You spent 1709 gold pieces at shops.

Inventory:

Hand Weapons
 f - a +9 long sword of venom
 n - a +1 flail of holy wrath
 z - the +7 halberd of Theory {speed, rN++ Str-4}
   (You bought it in a shop on level 2 of the Shoals)

   Str:       It affects your strength (-4).
   rN:        It greatly protects you from negative energy.
 O - the +11 trident of Wukam {heavy, rElec Will+ MP+9}
   (You found it on level 4 of the Lair of Beasts)

   rElec:     It insulates you from electricity.
   MP:        It affects your magic capacity (+9).
   Will:      It increases your willpower.
 T - the +10 sling of Due Proportion {drain, rPois Will+ Str+3 Dex-3}
   (You found it on level 5 of the Lair of Beasts)

   Str:       It affects your strength (+3).
   Dex:       It affects your dexterity (-3).
   rPois:     It protects you from poison.
   Will:      It increases your willpower.
 Y - a +9 antimagic demon trident (weapon)
Missiles
 j - 11 throwing nets (quivered)
Armour
 h - a +2 hat of intelligence (worn)
 l - the +0 pair of boots of Ykepip {rF+ rN+ rCorr Slay-2}
   (You found it on level 2 of the Shoals)

   Slay:      It affects your accuracy & damage with ranged weapons and melee
   (-2).
   rF:        It protects you from fire.
   rN:        It protects you from negative energy.
   rCorr:     It protects you from acid and corrosion.
 p - a +2 tower shield (worn)
 s - a +2 cloak (worn)
 t - the +4 plate armour of Weightlessness (worn) {*Slow rC+++ Str+5}
   (You found it on level 3 of the Dungeon)

   Str:       It affects your strength (+5).
   rC:        It renders you almost immune to cold.
   *Slow:     It may slow you when you take damage.
 y - a +2 pair of gloves (worn)
 A - a +2 pair of boots of flying (worn)
Jewellery
 q - the ring "Winaaziv" {Str+6 Int+3}
   (You took it off a tengu reaver on level 2 of the Depths)

   [ring of strength]

   Str:       It affects your strength (+6).
   Int:       It affects your intelligence (+3).
 r - a +5 ring of evasion
 x - the ring "Erecafru" (right hand) {rPois rF+ Str+2 Dex+3}
   (You bought it in a shop on level 3 of the Elven Halls)

   [ring of poison resistance]

   Str:       It affects your strength (+2).
   Dex:       It affects your dexterity (+3).
   rF:        It protects you from fire.
   rPois:     It protects you from poison.
 C - the amulet of Doors (around neck) {rPois rN+++ Regen+ Int-2 SInv}
   (You took it off a spriggan air mage on level 2 of the Depths)

   [amulet of regeneration]

   Int:       It affects your intelligence (-2).
   rPois:     It protects you from poison.
   rN:        It renders you almost immune to negative energy.
   SInv:      It lets you see invisible.
   Regen:     It increases your rate of health regeneration.
 G - the amulet "Siefumm" {Reflect Str+3 SH+5 Stlth+}
   (You found it on level 3 of the Elven Halls)

   [amulet of reflection]

   It reflects blocked missile attacks.
   Str:       It affects your strength (+3).
   SH:        It affects your SH (+5).
   Stlth:     It makes you more stealthy.
 M - the ring of the Lily {*Corrode rElec rPois rC+ Stlth-}
   (You found it on level 2 of the Depths)

   [ring of protection from cold]

   rC:        It protects you from cold.
   rElec:     It insulates you from electricity.
   rPois:     It protects you from poison.
   *Corrode:  It may corrode you when you take damage.
   Stlth:     It makes you less stealthy.
 X - the ring of Ru's Reproof (left hand) {Drain rElec rC+ Will+++ Int+2}
   (You found it on level 3 of the Depths)

   [ring of protection from cold]

   Int:       It affects your intelligence (+2).
   rC:        It protects you from cold.
   rElec:     It insulates you from electricity.
   Drain:     It drains your maximum health when unequipped.
   Will:      It greatly increases your willpower.
Wands
 c - a wand of light (21)
 k - a wand of paralysis (24)
 m - a wand of roots (37)
 o - a wand of polymorph (19)
 v - a wand of mindburst (1)
 J - a wand of flame (111)
 Z - a wand of digging (17)
Scrolls
 a - 4 scrolls of fear
 b - 5 scrolls of enchant armour
 i - 5 scrolls of fog
 K - a scroll of silence
 L - 15 scrolls of teleportation
 N - 6 scrolls of poison
 P - 12 scrolls of magic mapping
 R - a scroll of blinking
 V - 6 scrolls of enchant weapon
Potions
 d - 3 potions of might
 g - 3 potions of invisibility
 u - 3 potions of resistance
 B - 6 potions of cancellation
 D - 8 potions of flight
 S - 7 potions of ambrosia
 U - 2 potions of berserk rage
 W - 9 potions of curing
Miscellaneous
 e - a tin of tremorstones (2/2)
 Q - a phial of floods


   Skills:
 + Level 25.4 Fighting
 + Level 6.3(7.6) Short Blades
 + Level 7.1(8.4) Long Blades
 + Level 2.8(16.3) Axes
 + Level 13.4(13.5) Maces & Flails
 + Level 21.1 Polearms
 + Level 0.2 Throwing
 * Level 21.8 Armour
 + Level 4.9 Dodging
 - Level 8.0 Stealth
 * Level 17.3 Shields
 * Level 19.1 Invocations
 + Level 1.3 Evocations


You had 22 spell levels left.
You didn't know any spells.
Your spell library contained the following spells:

 Spells                   Type           Power      Damage    Failure   Level
 Apportation              Tloc           0%         N/A       91%         1
 Foxfire                  Conj/Fire      0%         2x1d4     91%         1
 Freeze                   Ice            0%         1d3       91%         1
 Kiss of Death            Conj/Necr      0%         2d5       91%         1
 Necrotise                Necr           0%         1d4       91%         1
 Sting                    Tmut/Pois      0%         1d3       91%         1
 Summon Small Mammal      Summ           0%         N/A       91%         1
 Cigotuvi's Dreadful Rot  Necr/Pois/Air  0%         N/A       97%         2
 Ensorcelled Hibernation  Hex/Ice        0%         N/A       97%         2
 Lesser Beckoning         Tloc           0%         N/A       97%         2
 Poisonous Vapours        Pois/Air       0%         N/A       97%         2
 Sublimation of Blood     Necr           0%         N/A       97%         2
 Wereblood                Tmut           0%         N/A       97%         2
 Call Canine Familiar     Summ           0%         N/A       99%         3
 Confusing Touch          Hex            0%         N/A       99%         3
 Dazzling Flash           Conj/Hex       0%         N/A       99%         3
 Gell's Gravitas          Tloc           0%         N/A       99%         3
 Hailstorm                Conj/Ice       0%         3d3       99%         3
 Ignite Poison            Fire/Tmut/Pois 0%         N/A       99%         3
 Mephitic Cloud           Conj/Pois/Air  0%         N/A       99%         3
 Spider Form              Tmut/Pois      0%         N/A       99%         3
 Summon Guardian Golem    Hex/Summ       0%         N/A       99%         3
 Teleport Other           Tloc           0%         N/A       99%         3
 Tukima's Dance           Hex            0%         N/A       99%         3
 Vampiric Draining        Necr           0%         2d6       99%         3
 Volatile Blastmotes      Fire/Tloc      0%         2d10      99%         3
 Anguish                  Hex/Necr       0%         N/A       100%        4
 Animate Dead             Necr           0%         N/A       100%        4
 Dispel Undead            Necr           0%         3d6       100%        4
 Ice Form                 Ice/Tmut       0%         N/A       100%        4
 Iskenderun's Mystic Bla  Conj/Tloc      0%         2d3       100%        4
 Olgreb's Toxic Radiance  Pois           0%         N/A       100%        4
 Passage of Golubria      Tloc           0%         N/A       100%        4
 Petrify                  Tmut/Erth      0%         N/A       100%        4
 Sticky Flame             Conj/Fire      0%         2d3       100%        4
 Summon Ice Beast         Ice/Summ       0%         N/A       100%        4
 Summon Lightning Spire   Summ/Air       0%         N/A       100%        4
 Agony                    Necr           0%         N/A       100%        5
 Alistair's Intoxication  Tmut/Pois      0%         N/A       100%        5
 Borgnjor's Vile Clutch   Necr/Erth      0%         N/A       100%        5
 Fireball                 Conj/Fire      0%         3d3       100%        5
 Freezing Cloud           Conj/Ice/Air   0%         6-21      100%        5
 Metabolic Englaciation   Hex/Ice        0%         N/A       100%        5
 Silence                  Hex/Air        0%         N/A       100%        5
 Summon Forest            Summ/Tloc      0%         N/A       100%        5
 Summon Mana Viper        Hex/Summ       0%         N/A       100%        5
 Yara's Violent Unravell  Hex/Tmut       0%         3d3       100%        5
 Death Channel            Necr           0%         N/A       100%        6
 Dispersal                Tloc           0%         N/A       100%        6
 Eringya's Noxious Bog    Tmut/Pois      0%         N/A       100%        6
 Iron Shot                Conj/Erth      0%         9d1       100%        6
 Plasma Beam              Fire/Air       0%         2x1d11    100%        6
 Simulacrum               Ice/Necr       0%         N/A       100%        6
 Starburst                Conj/Fire      0%         6d3       100%        6
 Statue Form              Tmut/Erth      0%         N/A       100%        6
 Haunt                    Necr/Summ      0%         N/A       100%        7
 Monstrous Menagerie      Summ           0%         N/A       100%        7
 Storm Form               Tmut/Air       0%         N/A       100%        7
 Summon Hydra             Summ           0%         N/A       100%        7
 Infestation              Necr           0%         N/A       100%        8
 Maxwell's Capacitive Co  Air            0%         ∞         100%        8
 Chain Lightning          Conj/Air       0%         N/A       100%        9
 Death's Door             Necr           0%         N/A       100%        9
 Fire Storm               Conj/Fire      0%         5d1       100%        9
 Shatter                  Erth           0%         3d5*      100%        9


Dungeon Overview and Level Annotations

Branches:
Dungeon (15/15)            Temple (0/1) D:6            Lair (5/5) D:8
 Shoals (4/4) Lair:2       Spider (4/4) Lair:3        Slime (0/5) Lair:4
    Orc (2/2) D:12            Elf (3/3) Orc:2        Vaults (5/5) D:13
  Crypt (0/3) Vaults:3     Depths (4/4) D:15            Zot (0/5) Depths:4
 Bailey (visited)           IceCv (visited)

Altars:
Ashenzari
Cheibriados
Dithmenos
Elyvilon
Fedhas
Gozag
Makhleb
Nemelex Xobeh
Okawaru
Uskayaw
Vehumet
Zin
The Shining One
Jiyva

Shops:
D:1 *:((   D:2 *   Orc:1 *   Orc:2 :[*:*?   Elf:3 =   Shoals:2 (   Vaults:1 !
Vaults:2 :   Vaults:4 !   Depths:1 ***(

Portals:
Hell: Depths:1 Depths:2 Depths:3 Depths:4
Abyss: Depths:2 Depths:3
Pandemonium: Depths:1 Depths:2 Depths:4
Ziggurat: Depths:3

Annotations:
Lair:2 exclusion: 2 oklob plants


Innate Abilities, Weirdness & Mutations

You have a pair of horns on your head.
You reflexively headbutt those who attack you in melee.
Your body sometimes deteriorates upon taking damage.
You are frail. (-10% HP)


Message History

You puncture the tentacled monstrosity!
You kill the tentacled monstrosity!
You block the tengu reaver's attack. x3
Unknown command.
The tengu reaver blocks your attack.
The tengu reaver is heavily wounded.
The vault guard gibbers meaninglessly.
You block the vault guard's attack.
Unknown command.
You puncture the tengu reaver!
The tengu reaver's magic leaks into the air.
The tengu reaver is heavily wounded.
You block the tengu reaver's attack.
The tengu reaver pecks you but does no damage.
The tengu reaver claws you but does no damage.
The vault guard howls in fear.
The vault guard yells at you, "GO AWAY!"
You block the vault guard's attack.
You puncture the tengu reaver!
The tengu reaver's magic leaks into the air.
You headbutt the tengu reaver!
The tengu reaver is almost dead.
You block the tengu reaver's attack. x3; The vault guard closely misses you.
You furiously retaliate!
You headbutt the vault guard!
The vault guard attempts to regain its composure.
The tengu reaver blocks your attack.
You headbutt the tengu reaver, but do no damage.
The tengu reaver is almost dead.
Unknown command.
The tengu reaver blocks your attack.
The tengu reaver is almost dead.
The vault guard seems to regain its courage.
The tengu reaver hits you with a +4 long sword of holy wrath!
* * * LOW HITPOINT WARNING * * *
The tengu reaver pecks you but does no damage.
You block the tengu reaver's attack.
The vault guard gives up.
Cornered, the vault guard turns to fight! x2
The vault guard hits you with a +0 great sword!
You die...

...#
##'#######################
..............##.........#
[.............########...#
..............##p#.#.#...#
..............##'#'#'###.#
..............#......'.'.#
....[.........#.Qp...###.#
###'##........#.@....'p#.#
###.##........'......###.#
.#...#........#......'.#.#
###.##........##'#'#'###.#
)#)[[#.....p..##p#.#.#...#
###.##........########)..#
.....#........##.........#
###.##........############
[#...#........# ########


You could see a tengu reaver (magic disrupted, reflecting) and 5 vault guards.

Vanquished Creatures
  A dread lich (Abyss:3)
  A juggernaut (Depths:2)
  Boris (Depths:3)
  Vv (Depths:3)
  4 caustic shrikes (Depths:3)
  The ghost of Bidatih the Peltast, an adept MiBe of Trog (Vaults:4)
  Nikola (Spider:4)
  the Enchantress (Depths:2)
  A golden dragon (Depths:4)
  A bone dragon (Depths:3)
  A hellephant (Abyss:4)
  2 tentacled monstrosities
  Mlioglotl (Shoals:1)
  2 deep elf blademasters (Elf:3)
  A quicksilver dragon (Depths:3)
  4 liches
  A titan (Shoals:3)
  A kraken (Shoals:2)
  2 deep elf master archers (Elf:3)
  Gastronok (D:8)
  8 sphinxes
  3 tentacled starspawn (Abyss:4)
  The ghost of jaiteiro the Thaumaturge, an adept DrCj of Vehumet (Spider:3)
  Donald (Shoals:1)
  A shadow dragon (Vaults:5)
  3 tengu reavers
  2 storm dragons (Depths:3)
  5 frost giants
  8 emperor scorpions
  3 fire giants
  Louise (D:14)
  2 draconian knights
  10 vault wardens
  8 ghost moths
  3 deep elf sorcerers (Elf:3)
  A draconian shifter (Depths:4)
  An orc warlord (Vaults:4)
  5 spriggan defenders (Depths:2)
  26 very ugly things
  A broodmother (Spider:3)
  3 deep elf elementalists (Elf:3)
  A caustic shrike skeleton (D:15)
  3 war gargoyles
  4 ironbound thunderhulks
  14 ironbound preservers
  14 stone giants
  6 deep elf demonologists
  A vampire knight (Depths:2)
  A green draconian (Depths:4)
  6 deep elf annihilators
  A black draconian (Depths:4)
  8 dire elephants
  7 white draconians
  3 spark wasps
  3 purple draconians (Depths:4)
  Snorg (D:13)
  6 deep elf death magi
  The ghost of Beaer the Fighter, a journeyman DsFi of Okawaru (Lair:2)
  10 ettins
  10 merfolk impalers
  6 fire dragons
  4 merfolk javelineers
  2 jiangshi (Depths:3)
  4 yaktaur captains
  10 great orbs of eyes
  Josephine (D:10)
  4 entropy weavers
  4 deep elf high priests
  6 rakshasas
  3 ice dragons (Depths:1)
  4 peacekeepers
  7 ironbound frosthearts
  2 hydras
  3 merfolk aquamancers
  9 spriggan air magi
  3 radroaches
  4 satyrs (Shoals:4)
  16 vault guards
  An alligator snapping turtle (Shoals:3)
  2 catoblepae (Abyss:4)
  4 two-headed ogres
  3 jorogumos
  5 merfolk avatars
  10 deep troll shamans
  6 boulder beetles
  32 dancing weapons
  A spriggan skeleton (D:15)
  6 tengu warriors
  A vampire mage (Depths:3)
  10 centaur warriors
  4 thrashing horrors (Abyss:4)
  10 death yaks
  6 deep troll earth magi
  7 spriggan berserkers
  8 orc high priests
  18 spriggans
  2 soul eaters
  7 hell knights
  8 skysharks
  14 deep elf knights
  6 iron trolls
  A sixfirhy (Abyss:4)
  15 orb spiders
  A sun demon (Depths:1)
  A wretched star (Abyss:4)
  4 pharaoh ants
  9 skeletal warriors
  A storm dragon skeleton (Vaults:4)
  2 sun moths
  51 deep trolls
  4 glowing orange brains
  An orange crystal statue (IceCv)
  A swamp dragon (shapeshifter) (D:12)
  12 sea snakes
  A phantasmal warrior (D:15)
  A shadow dragon zombie (D:15)
  A flayed ghost (Depths:2)
  3 tengu zombies (Vaults:4)
  7 wizards
  18 ironbound convokers
  15 deep elf archers
  8 necromancers
  12 steelbarb worms
  2 wolf spider zombies (D:9)
  20 harpies
  26 deep elf zephyrmancers
  13 orc knights
  19 lindwurms
  An iron giant skeleton (Abyss:4)
  A cyclops (shapeshifter) (Vaults:3)
  9 fauns
  A tengu skeleton (Vaults:3)
  40 ugly things
  15 wolf spiders
  6 cyclopes
  2 orc sorcerers
  25 deep elf pyromancers
  A fire giant zombie (D:15)
  23 manticores
  3 moths of wrath
  3 centaur zombies (D:9)
  Maurice (Orc:1)
  A sphinx skeleton (Vaults:3)
  5 elephants (Lair:4)
  2 worldbinders (Abyss:4)
  18 vault sentinels
  A stone giant skeleton (Vaults:3)
  8 black mambas
  14 merfolk sirens
  A rust devil (Depths:2)
  6 water nymphs
  A centaur skeleton (D:9)
  3 smoke demons
  5 demonic crawlers
  6 storm dragon simulacra (IceCv)
  8 cane toads
  3 unseen horrors
  A hellion (Depths:4)
  4 gargoyles
  4 torpor snails
  A kobold demonologist (D:10)
  25 yaktaurs
  2 rime drakes
  2 tormentors
  Maggie (D:6)
  2 elf skeletons (Vaults:3)
  10 komodo dragons
  A catoblepas skeleton (Abyss:4)
  6 tengu conjurers
  A red devil (Depths:4)
  3 yaktaur skeletons (Vaults:3)
  5 trolls
  3 ancient zymes
  3 golden dragon simulacra (IceCv)
  7 meliai
  11 hornets
  6 polar bears
  3 hellwings
  8 wind drakes
  34 merfolk
  19 tarantellas
  11 snapping turtles
  21 blink frogs
  A harpy skeleton (Abyss:3)
  A dream sheep (Lair:5)
  29 slime creatures
  An air elemental (Elf:3)
  31 jumping spiders
  A jumping spider (shapeshifter) (Elf:3)
  10 large abominations
  22 culicivoras
  15 water elementals
  2 shadows
  2 wyverns (D:9)
  10 wraiths
  A vampire (D:9)
  6 ynoxinuls
  3 fire elementals
  A hog (shapeshifter) (Elf:2)
  37 yaks
  55 redbacks
  7 basilisks
  4 chaos spawn
  A neqoxec (Depths:4)
  2 vampire mosquitoes (D:11)
  2 two-headed ogre zombies (D:12)
  5 wargs
  2 acid dragons (D:11)
  A floating eye (Lair:2)
  8 water moccasins
  44 orc warriors
  3 glowing shapeshifter skeletons (Vaults:3)
  A sky beast (D:7)
  2 black bears (Lair:5)
  3 ice dragon simulacra (IceCv)
  4 ogres
  8 boggarts
  6 centaurs
  41 wolves
  3 human skeletons (Vaults:3)
  A phantom (D:5)
  Blork the orc (D:6)
  A kobold brigand (D:10)
  3 elf zombies (Elf:1)
  10 small abominations
  A gnoll sergeant (D:5)
  2 scorpions
  10 bullfrogs
  10 earth elementals
  15 wights
  9 lindwurm simulacra (IceCv)
  2 troll zombies (D:12)
  4 electric eels (Elf:3)
  12 howler monkeys
  32 orc priests
  11 starcursed masses (Abyss:4)
  5 hounds
  5 gnoll boudas
  An iguana (D:4)
  4 jellies
  A boggart zombie (D:9)
  16 orc wizards
  4 ogre zombies (D:12)
  9 adders
  A river rat (shapeshifter) (Elf:3)
  29 gnolls
  5 shadow imps
  A white imp (D:7)
  2 ufetubi
  2 worms
  3 dart slugs
  77 orcs
  5 ball pythons
  7 endoplasms
  5 giant cockroaches
  13 goblins
  4 hobgoblins
  8 jackals
  7 quokkas
  5 bats
  2 frilled lizards
  2 goblin skeletons (D:12)
  A goblin zombie (D:12)
  2 hobgoblin skeletons (D:12)
  22 kobolds
  2 orc skeletons (D:12)
  18 orc zombies (D:12)
  12 rats
  2 spectral weapons (Elf:3)
1925 creatures vanquished.

Vanquished Creatures (collateral kills)
  An ettin (Vaults:5)
  5 vault guards (Vaults:5)
  A faun (Shoals:3)
  A merfolk (Shoals:3)
  A jumping spider (shapeshifter) (Vaults:5)
9 creatures vanquished.

Vanquished Creatures (others)
  4 deep elf knights
  A large abomination (Abyss:3)
  2 small abominations (Abyss:4)
  A redback (Spider:2)
  An orc warrior (Orc:1)
  A quokka (Depths:3)
  5 starspawn tentacles (Abyss:4)
  4 tentacles (Shoals:2)
19 creatures vanquished.

Grand Total: 1953 creatures vanquished

Notes
Turn   | Place    | Note
-------+----------+-------------------------------------------
     0 | D:1      | HagarQim the Minotaur Fighter began the quest for the Orb.
     0 | D:1      | Reached XP level 1. HP: 19/19 MP: 0/0
    76 | D:1      | Found Eninim's Book Emporium.
    81 | D:1      | Reached XP level 2. HP: 27/27 MP: 1/1
    86 | D:1      | Found Faciopt's Antique Weapon Shop.
   245 | D:1      | Found Foim Zeu's General Store.
   264 | D:1      | Reached skill level 4 in Fighting
   366 | D:1      | Found Sikyb's Weapon Boutique.
   388 | D:1      | Found a faded altar of an unknown god.
   507 | D:1      | Reached XP level 3. HP: 31/33 MP: 2/2
   989 | D:2      | Identified the +0 helmet of Repulsion {rF+ Str+6}
  1023 | D:2      | Reached XP level 4. HP: 41/41 MP: 3/3
  1123 | D:2      | Found Zucvaf's Assorted Antiques.
  1254 | D:2      | Reached skill level 1 in Short Blades
  1537 | D:3      | Identified the +4 plate armour of Weightlessness {*Slow
                  | rC+++ Str+5}
  1560 | D:3      | Found a snail-covered altar of Cheibriados.
  2062 | D:3      | Found a blossoming altar of Fedhas.
  2063 | D:3      | Found a hide-covered altar of Uskayaw.
  2228 | D:3      | Became a worshipper of Uskayaw the Reveller
  2251 | D:4      | Reached * piety under Uskayaw
  2252 | D:4      | Reached ** piety under Uskayaw
  2253 | D:4      | Reached XP level 5. HP: 47/47 MP: 4/4
  2259 | D:4      | Reached *** piety under Uskayaw
  2262 | D:4      | Reached skill level 5 in Armour
  2267 | D:4      | Reached **** piety under Uskayaw
  2530 | D:4      | Found a broken altar of Ashenzari.
  2530 | D:4      | Found an iron altar of Okawaru.
  2709 | D:4      | Found a burning altar of Makhleb.
  2743 | D:4      | Reached XP level 6. HP: 53/53 MP: 5/5
  3272 | D:5      | Entered Level 5 of the Dungeon
  3502 | D:5      | Reached skill level 5 in Fighting
  3502 | D:5      | Reached skill level 1 in Dodging
  3602 | D:5      | Reached XP level 7. HP: 61/61 MP: 6/6
  3607 | D:5      | Reached skill level 1 in Stealth
  3782 | D:5      | Reached skill level 5 in Shields
  3791 | D:5      | Reached ***** piety under Uskayaw
  4145 | D:5      | Reached skill level 5 in Short Blades
  4271 | D:6      | Noticed Blork the orc
  4279 | D:6      | Killed Blork the orc
  4328 | D:6      | Reached XP level 8. HP: 70/70 MP: 7/7
  4345 | D:6      | Reached skill level 6 in Fighting
  4554 | D:6      | Found a staircase to the Ecumenical Temple.
  4593 | D:6      | Noticed Maggie
  4604 | D:6      | Killed Maggie
  4874 | D:7      | Reached skill level 1 in Maces & Flails
  4882 | D:7      | Found a radiant altar of Vehumet.
  4909 | D:7      | Found an opulent altar of Gozag.
  5380 | D:7      | Reached skill level 1 in Invocations
  5639 | D:8      | Reached XP level 9. HP: 58/76 MP: 8/8
  5894 | D:8      | Reached skill level 7 in Fighting
  5903 | D:8      | Reached skill level 5 in Maces & Flails
  5911 | D:8      | Found a staircase to the Lair.
  6215 | D:8      | Noticed Gastronok
  6230 | D:8      | Killed Gastronok
  6231 | D:8      | Reached skill level 8 in Fighting
  6231 | D:8      | Reached XP level 10. HP: 87/89 MP: 11/11
  6618 | D:8      | Found a glowing silver altar of Zin.
  6618 | D:8      | Found a glowing golden altar of the Shining One.
  6619 | D:8      | Found a white marble altar of Elyvilon.
  6971 | D:9      | Reached skill level 9 in Fighting
  7093 | D:9      | Reached skill level 5 in Invocations
  7171 | D:9      | Identified the +5 dagger "Beast's Nightmare" {speed, *Slow
                  | rF+ rC- Dex+3}
  7237 | D:9      | Reached XP level 11. HP: 97/97 MP: 12/14
  7387 | D:9      | Reached skill level 10 in Maces & Flails
  7439 | D:9      | Found a sparkling altar of Nemelex Xobeh.
  7676 | D:10     | Entered Level 10 of the Dungeon
  7790 | D:10     | Reached skill level 10 in Fighting
  7790 | D:10     | Reached skill level 5 in Stealth
  8108 | D:10     | Found a flagged portal.
  8108 | D:10     | Noticed Josephine
  8176 | D:10     | Killed Josephine
  8186 | Bailey   | Entered a bailey
  8299 | Bailey   | Reached ****** piety under Uskayaw
  9029 | D:11     | Noticed a two-headed ogre
  9034 | D:11     | Killed a two-headed ogre
  9035 | D:11     | Reached skill level 11 in Fighting
  9035 | D:11     | Reached skill level 10 in Armour
  9363 | D:12     | Noticed a two-headed ogre
  9377 | D:11     | Killed a two-headed ogre
  9482 | D:12     | a moth of wrath changed into a swamp dragon
  9482 | D:12     | Noticed a swamp dragon (shapeshifter)
  9498 | D:12     | Killed a swamp dragon
  9499 | D:12     | Reached XP level 12. HP: 22/110 MP: 16/16
  9792 | D:12     | Noticed a two-headed ogre
  9800 | D:12     | Killed a two-headed ogre
  9999 | D:12     | Found a staircase to the Orcish Mines.
 10033 | D:12     | Reached skill level 12 in Fighting
 10465 | D:13     | Found a shadowy altar of Dithmenos.
 10519 | D:13     | Noticed a boulder beetle
 10540 | D:13     | Killed a boulder beetle
 10650 | D:13     | Noticed a tengu warrior
 10659 | D:13     | Killed a tengu warrior
 10660 | D:13     | Found a gate to the Vaults.
 10786 | D:13     | Noticed a centaur warrior
 10803 | D:13     | Killed a centaur warrior
 10821 | D:13     | Noticed a tengu warrior
 10821 | D:13     | Noticed a tengu warrior
 10834 | D:13     | Killed a tengu warrior
 10841 | D:13     | Killed a tengu warrior
 10983 | D:14     | Noticed a two-headed ogre
 10994 | D:14     | Noticed Snorg
 10996 | D:14     | Noticed Louise
 11004 | D:13     | Killed Snorg
 11066 | D:14     | Reached skill level 13 in Fighting
 11067 | D:14     | Noticed a tengu warrior
 11193 | Lair:1   | Entered Level 1 of the Lair of Beasts
 11203 | Lair:1   | Reached XP level 13. HP: 122/122 MP: 11/18
 12165 | Lair:2   | Found a runed translucent gate.
 12165 | Lair:2   | Found a runed translucent gate.
 12165 | Lair:2   | Found a runed translucent gate.
 12168 | Lair:2   | Noticed Beaer's ghost (journeyman DsFi)
 12172 | Lair:2   | Found a viscous altar of Jiyva.
 12192 | Lair:2   | Reached skill level 1 in Long Blades
 13174 | Lair:3   | Identified the +2 chain mail "Hiadaush" {rCorr}
 13296 | Lair:3   | Found a hole to the Spider Nest.
 13311 | Lair:3   | Reached skill level 14 in Fighting
 13368 | Lair:3   | Reached skill level 5 in Long Blades
 13670 | Lair:4   | Reached skill level 10 in Invocations
 13777 | Lair:4   | Identified the +11 trident of Wukam {heavy, rElec Will+
                  | MP+9}
 13891 | Lair:4   | Reached XP level 14. HP: 121/133 MP: 20/20
 13936 | Lair:4   | Reached skill level 1 in Polearms
 14015 | Lair:4   | Found a viscous altar of Jiyva.
 14016 | Lair:4   | Found a staircase to the Slime Pits.
 14574 | Lair:5   | Entered Level 5 of the Lair of Beasts
 14842 | Orc:1    | Entered Level 1 of the Orcish Mines
 14912 | Orc:2    | Entered Level 2 of the Orcish Mines
 15257 | Orc:2    | Found a radiant altar of Vehumet.
 15293 | Orc:2    | Found a staircase to the Elven Halls.
 15352 | Orc:2    | Reached skill level 15 in Fighting
 15352 | Orc:2    | Reached skill level 5 in Polearms
 15479 | Orc:2    | Found Baesid's Assorted Antiques.
 15482 | Orc:2    | Found Zod Olyam's General Store.
 15483 | Orc:2    | Found Toluup's Magic Scroll Shop.
 15483 | Orc:2    | Found Oreploec's Book Boutique.
 15639 | Orc:2    | Found Weonil's Antique Armour Shoppe.
 15803 | Orc:2    | Found Paefish's Book Boutique.
 15953 | Orc:1    | Found Nibuong's Specific Store.
 16002 | Orc:1    | Found Mangom's General Store.
 16021 | Orc:1    | Noticed Maurice
 16027 | Orc:1    | Killed Maurice
 16323 | Shoals:1 | Entered Level 1 of the Shoals
 16329 | Shoals:1 | Noticed Mlioglotl
 16334 | Shoals:1 | Noticed a bone dragon
 16334 | Shoals:1 | Killed Mlioglotl
 16347 | Shoals:1 | Found a frozen archway.
 16358 | IceCv    | Entered an ice cave
 16698 | IceCv    | Noticed a white draconian knight
 16720 | IceCv    | Killed a white draconian knight
 16725 | IceCv    | Reached XP level 15. HP: 99/141 MP: 22/22
 16858 | IceCv    | Identified the ring of the Thistle {Ice Contam rElec rN++
                  | Dex+2}
 16887 | IceCv    | Identified the ring "Goawkask" {Ice Str+3}
 17223 | Shoals:1 | Reached skill level 16 in Fighting
 17719 | Shoals:1 | Noticed Donald
 17725 | Shoals:1 | Killed Donald
 18076 | Shoals:2 | Identified the +0 pair of boots of Ykepip {rF+ rN+ rCorr
                  | Slay-2}
 18085 | Shoals:2 | Noticed a kraken
 18099 | Shoals:2 | Killed a kraken
 18304 | Shoals:2 | Reached skill level 10 in Polearms
 18315 | Shoals:2 | Identified the +0 kite shield of the New World {*Corrode
                  | Str+4 Dex+7}
 18569 | Shoals:2 | Found Cetidakka's Antique Weapon Emporium.
 18581 | Shoals:2 | Bought a warped halberd for 180 gold pieces
 18581 | Shoals:2 | Identified the +7 halberd of Theory {speed, rN++ Str-4}
                  | (You bought it in a shop on level 2 of the Shoals)
 19273 | Shoals:3 | Reached skill level 17 in Fighting
 19518 | Shoals:3 | Noticed a titan
 19529 | Shoals:3 | Killed a titan
 19798 | Shoals:3 | Reached XP level 16. HP: 146/155 MP: 24/24
 20290 | Shoals:4 | Entered Level 4 of the Shoals
 20568 | Spider:1 | Entered Level 1 of the Spider Nest
 20802 | Orc:1    | Bought a ring of poison resistance for 280 gold pieces
 21946 | Spider:2 | Reached skill level 18 in Fighting
 22952 | Spider:3 | Found a runed translucent door.
 22954 | Spider:3 | Noticed jaiteiro's ghost (adept DrCj)
 22970 | Spider:3 | Killed jaiteiro's ghost
 23080 | Spider:3 | Reached skill level 15 in Armour
 23856 | Spider:3 | Identified the +2 robe of Hose Qua {Int+4}
 23937 | Spider:4 | Entered Level 4 of the Spider Nest
 24302 | D:14     | You are sucked into a shaft and drop 1 floor!
 24302 | D:15     | Entered Level 15 of the Dungeon
 24308 | D:15     | Reached XP level 17. HP: 157/166 MP: 25/25
 24395 | D:15     | Reached skill level 19 in Fighting
 24474 | D:15     | Found a staircase to the Depths.
 25287 | D:14     | Killed Louise
 25577 | D:14     | Found a blossoming altar of Fedhas.
 26282 | Lair:5   | Identified a scroll of acquirement
 26291 | Lair:5   | Acquired 1014 gold pieces
 26644 | Lair:5   | Identified the +10 sling of Due Proportion {drain, rPois
                  | Will+ Str+3 Dex-3}
 26800 | Lair:5   | Reached skill level 20 in Fighting
 27744 | Shoals:4 | Reached skill level 15 in Polearms
 27937 | Shoals:4 | Identified the +0 halberd of Arrival {vamp, rC+}
 28440 | Shoals:4 | Identified the staff of air "Cismelof" {rElec rF++ rC+
                  | rCorr}
 28503 | Shoals:4 | Reached XP level 18. HP: 178/180 MP: 27/27
 28639 | Shoals:4 | Got a barnacled rune of Zot
 28680 | Shoals:4 | Identified the +2 great sword "Gudolaw" {drain, rC+ rN+
                  | Dex+3}
 29221 | Spider:4 | Noticed Nikola
 29236 | Spider:4 | Killed Nikola
 29751 | Spider:4 | Reached skill level 21 in Fighting
 30480 | Spider:4 | Got a gossamer rune of Zot
 30837 | Depths:1 | Entered Level 1 of the Depths
 30838 | Depths:1 | Found Raz Ynuk's Overcharged Wands.
 30927 | Depths:1 | Reached skill level 15 in Invocations
 31230 | Depths:1 | Reached XP level 19. HP: 100/190 MP: 29/29
 31533 | Depths:1 | Found a gateway to Hell.
 31829 | Depths:1 | Found Minoposhu's General Store.
 31834 | Depths:1 | Found Fules's Antique Weapon Shop.
 31848 | Depths:1 | Bought a polished trident for 365 gold pieces
 31848 | Depths:1 | Identified the +2 trident of Eternal War {venom, Fly rCorr
                  | MP-9 Dex+3} (You bought it in a shop on level 1 of the
                  | Depths)
 31894 | Depths:1 | Found a one-way gate leading to the halls of Pandemonium.
 32086 | Depths:1 | Found Defru's Demolitions Depot.
 32441 | Depths:2 | Noticed the Enchantress
 32612 | Vaults:1 | Entered Level 1 of the Vaults
 32644 | Vaults:1 | Reached skill level 22 in Fighting
 32795 | Vaults:1 | Found the sphere of Battle
 33687 | Vaults:1 | Found Paoghuh's Distillery.
 33695 | Vaults:1 | Bought a potion of heal wounds for 100 gold pieces
 33695 | Vaults:1 | Bought a potion of haste for 200 gold pieces
 34160 | Vaults:2 | Found Olint's Book Boutique.
 34330 | Vaults:2 | Reached XP level 20. HP: 202/202 MP: 31/31
 34333 | Vaults:2 | Reached skill level 23 in Fighting
 35895 | Vaults:3 | Found a staircase to the Crypt.
 36928 | Vaults:4 | Reached XP level 21. HP: 207/213 MP: 32/32
 37109 | Vaults:4 | Found a runed translucent gate.
 37109 | Vaults:4 | Found a runed translucent gate.
 37110 | Vaults:4 | Found a runed translucent gate.
 37115 | Vaults:4 | Noticed Bidatih's ghost (adept MiBe)
 37132 | Vaults:4 | Found Pukkeh's Distillery.
 37384 | Vaults:4 | Reached skill level 10 in Shields
 37725 | Vaults:4 | Paralysed by a sphinx for 3 turns
 37864 | Vaults:4 | Killed Bidatih's ghost
 38215 | Lair:2   | Killed Beaer's ghost
 38231 | Lair:2   | Identified the amulet "Vuxec" {Faith Drain +Blink +Inv rN+}
 38498 | D:2      | Bought a potion of heal wounds for 95 gold pieces
 39101 | Depths:2 | Reached skill level 24 in Fighting
 39477 | Depths:2 | Killed the Enchantress
 39494 | Depths:2 | HP: 4/208 [ettin/+0 dire flail (11)]
 39494 | Depths:2 | HP: 1/203 [ettin/+0 dire flail (3)]
 39822 | Depths:2 | Identified the ring "Winaaziv" {Str+6 Int+3}
 39836 | Depths:2 | Reached skill level 1 in Evocations
 39836 | Depths:2 | Identified the amulet of Doors {rPois rN+++ Regen+ Int-2
                  | SInv}
 39867 | Depths:2 | Noticed a juggernaut
 39873 | Depths:2 | Killed a juggernaut
 40005 | Depths:2 | Identified the ring of the Lily {*Corrode rElec rPois rC+
                  | Stlth-}
 40013 | Depths:2 | Identified the ring "Deafos" {*Corrode Fly rPois Will+}
 40097 | Depths:2 | Found a one-way gate to the infinite horrors of the Abyss.
 40372 | Elf:1    | Entered Level 1 of the Elven Halls
 40582 | Elf:1    | Got the Grimoire of Zombies
 41034 | Elf:1    | Reached XP level 22. HP: 165/224 MP: 11/33
 41134 | Elf:1    | Identified the +1 helmet of the Old and Reckless {+Blink
                  | Regen+ Str+4 Int-4}
 41735 | Elf:2    | Found a huge runed translucent gate.
 41735 | Elf:2    | Found a huge runed translucent gate.
 41735 | Elf:2    | Found a huge runed translucent gate.
 41739 | Elf:2    | Found a huge runed translucent gate.
 41739 | Elf:2    | Found a huge runed translucent gate.
 42542 | Elf:3    | Entered Level 3 of the Elven Halls
 42641 | Elf:3    | Paralysed by an air elemental for 1 turns
 42760 | Elf:3    | Found Iwaq's Jewellery Emporium.
 42999 | Elf:3    | Bought the ring "Erecafru" {rPois rF+ Str+2 Dex+3} for 489
                  | gold pieces
 43046 | Elf:3    | Identified the +5 hand axe of Paper {heavy, *Rage Int+3
                  | Dex+4}
 43287 | Elf:3    | Identified the amulet "Umileyr" {Faith Dex+6}
 43334 | Abyss:3  | Found a corrupted altar of Lugonu.
 43334 | Abyss:3  | Cast into level 3 of the Abyss (a deep elf demonologist)
 43407 | Abyss:3  | Noticed a dread lich
 43410 | Abyss:3  | Paralysed by a dread lich for 2 turns
 43418 | Abyss:3  | Killed a dread lich
 43517 | Abyss:4  | Reached skill level 15 in Shields
 43776 | Abyss:4  | Got an abyssal rune of Zot
 44094 | Abyss:4  | Reached skill level 25 in Fighting
 44112 | Abyss:4  | Gained mutation: Your body sometimes deteriorates upon
                  | taking damage. [a neqoxec]
 44136 | Abyss:4  | Found a corrupted altar of Lugonu.
 44148 | Elf:3    | Escaped the Abyss
 44345 | Elf:3    | Found the +8 storm bow {elec, penet}
 44351 | Elf:3    | Identified the +5 morningstar of Moderation {vamp, rPois
                  | Will+ Str+3 Int-3}
 44386 | Elf:3    | Got the Secrets of Cloudy Shapeshifting
 44522 | Elf:3    | Identified the +1 chain mail of the Evening {Str+3}
 44525 | Elf:3    | Got Xeanagah's Compilation of the Grounded Pyromaniac
 44550 | Elf:3    | Got Busubbawn's Lectures on the Crevasse
 44555 | Elf:3    | Got the Cyclopedia of Despair and Therianthropy
 44559 | Elf:3    | Identified the amulet "Siefumm" {Reflect Str+3 SH+5 Stlth+}
 44567 | Elf:3    | Identified the staff of air "Vesecvo" {rElec rPois Int+2}
 45072 | Depths:3 | Identified the ring of Ru's Reproof {Drain rElec rC+
                  | Will+++ Int+2}
 45298 | Depths:3 | Noticed Vv
 45351 | Depths:3 | Killed Vv
 45550 | Depths:3 | Reached XP level 23. HP: 225/234 MP: 11/35
 45584 | Depths:3 | Paralysed by a sphinx for 2 turns
 45592 | Depths:3 | Noticed Boris
 45603 | Depths:3 | Killed Boris
 45742 | Depths:3 | Noticed a caustic shrike
 45747 | Depths:3 | Noticed a caustic shrike
 45750 | Depths:3 | Noticed a caustic shrike
 45753 | Depths:3 | Noticed a caustic shrike
 45754 | Depths:3 | Killed a caustic shrike
 45764 | Depths:3 | Killed a caustic shrike
 45766 | Depths:3 | Killed a caustic shrike
 45771 | Depths:3 | Killed a caustic shrike
 45957 | Depths:3 | Found a one-way gateway to a ziggurat.
 46066 | Depths:3 | Found a white marble altar of Elyvilon.
 46494 | Depths:4 | Entered Level 4 of the Depths
 46813 | Depths:4 | Found a gate to the Realm of Zot.
 47525 | Depths:4 | Gained mutation: You are frail. (-10% HP) [a neqoxec]
 48152 | Vaults:5 | Entered Level 5 of the Vaults
 48178 | Vaults:5 | Noticed a dread lich
 48187 | Vaults:4 | Slain by a vault guard

Illustrated notes

Levels and vault maps discovered:
D:1:      lemuel_arrival_muddy, layout_loops_cross, basic_ecumenical_altar,
          serial_shops, nicolae_shop_hallway_plus, nicolae_shop_trees, shop,
          nicolae_shop_peninsula, minmay_rat_gold_closets
D:2:      layout_basic, serial_shops, shop
D:3:      layout_basic, lemuel_crystal_altar, mainiacjoe_overflow_divided_tiny,
          st_stairs_11, grunt_ministairs_9
D:4:      layout_basic, mainiacjoe_overflow_small_starburst,
          gammafunk_temple_overflow_elements, minmay_manual_mail
D:5:      layout_loops_ring, pf_guarded_unrand_woodcutter
D:6:      layout_rooms, lemuel_temple_firewalk_b, uniq_maggie,
          uniq_blork_the_orc
D:7:      layout_basic, mainiacjoe_overflow_paths, nicolae_gozag_seed_capital,
          dreamdust_gnoll_farm
D:8:      layout_basic, good_gods_temple_1, lair_entry_dummy,
          chequers_serial_rivers_micro_e, lightli_orcish_oven, uniq_gastronok
D:9:      cheibrodos_grave_circle, layout_cave_pools,
          nemelex_diamond_rough_becter
D:10:     nicolae_cairo_tiling_large, layout_basic, enter_bailey_5,
          amethyst_killhole, uniq_josephine
D:11:     layout_roguey
D:12:     layout_basic, zombieorc2_lemuel, nooodl_orcs_dogs
D:13:     layout_rooms, erik_vaults_1, dk_noncrumbling_4,
          nicolae_dithmenos_the_darkroom
D:14:     layout_loops_ring, fedhas_altar_fruit_tree, uniq_louise, uniq_snorg
D:15:     gammafunk_depths_entry_grave, layout_loops_ring, minivault_25_ag
Lair:1:   layout_gridlike, nicolae_quartered_pool_impasse
Lair:2:   layout_regular_city, nicolae_shoals_entry_flooding,
          gammafunk_ghost_ooze, minmay_hedge_maze, disabler_island
Lair:3:   layout_hall_layers, spider_nest_entry_web_field,
          infiniplex_staircase_pool, serial_bayou_shore_b
Lair:4:   layout_regular_city, slime_entry_1
Lair:5:   minmay_lair_end_enchanted_forest, layout_regular_city,
          serial_bayou_shore_b, grunt_megastairs_3
Shoals:1: layout_shoals, portal_ice_cave_entry_pillars_four, uniq_donald,
          uniq_mlioglotl
Shoals:2: cheibrodos_shoals_roost, layout_shoals, serial_shops, shop,
          nicolae_shoals_kraken_intersection
Shoals:3: cheibrodos_shoals_gigantism, layout_shoals
Shoals:4: shoals_end_simple, layout_shoals, nicolae_shoals_songs
Spider:1: layout_spider_delve
Spider:2: layout_spider_delve
Spider:3: layout_spider_delve, gammafunk_ghost_grave, drop_trap,
          nicolae_spider_bug_shape
Spider:4: grunt_spider_rune_circles, hangedman_spider_tarantella_strand,
          uniq_nikola
Orc:1:    layout_caves, basic_altar, nicolae_specific_store, mines2_david,
          uniq_maurice
Orc:2:    st_orc_pillars, layout_caves, basic_altar, special_room, serial_shops,
          nicolae_lakefront_shop, nicolae_shop_advertising_works
          [nicolae_subvault_shop_adworks]
Elf:1:    cheibrodos_salmonella, layout_geoelf_diagonals, minmay_elf_necromancy,
          roderic_lattice_octagonal_star
Elf:2:    elven_hall_of_blades_hangedman_alternative [mumra_blade_entry_dagger],
          layout_geoelf_grid, serial_sigils, serial_sigils_hangedman_shear,
          serial_sigils_hangedman_scratch, serial_sigils_hangedman_quiver
Elf:3:    grunt_elf_hall_diamonds, layout_geoelf_castle, serial_shops,
          nicolae_shop_gaudy_bauble, st_stairs_14, grunt_ministairs_9
Vaults:1: hangedman_vaults_stretched_pinwheel,
          nicolae_vaults_shipping_containers_5, nicolae_vaults_turnstiles,
          nicolae_vaults_closet_pinwheel_5, hangedman_vaults_hat, v_misc_2,
          nicolae_vaults_offset_grid_hallway_4, nicolae_vaults_little_squares_3,
          vaults_dpeg_emergency_exit, nicolae_vaults_shelves_hall,
          grunt_vaults_hallway_long, nicolae_vaults_tetromino_T_1,
          layout_vaults_omnigrid, serial_shops, shop
Vaults:2: grunt_vaults_hallway_short, v_alt_pattern_1, vaults_room_fours,
          nicolae_vaults_twisting_passages, hangedman_vaults_maws,
          nicolae_vaults_puzzle_piece, v_misc_12,
          nicolae_vaults_little_squares_2, nicolae_vaults_little_squares_4,
          nicolae_vaults_little_ls, v_rooms_4, st_lattice,
          nicolae_vaults_trapezoid_lopsided_2, ontoclasm_vaults_ring_square,
          vaults_dpeg_ring, layout_vaults_ring, serial_shops, shop
Vaults:3: nicolae_vaults_trapezoid_layered, vaults_dpeg_hooks,
          vaults_standard_mumra_x, minmay_crypt_entry_skeletal_spiral,
          vaults_room_stairs_pillars, nicolae_vaults_big_ls,
          nicolae_vaults_little_squares_1, vaults_mumra_chevron_long, v_misc_16,
          hangedman_vaults_capsules, nicolae_vaults_six-pack,
          nicolae_vaults_trapezoid_lopsided_1, nicolae_vaults_ring_of_whatevers,
          nicolae_vaults_shipping_containers_4, v_pattern_4,
          nicolae_vaults_diamond_2, nicolae_vaults_diamond_2,
          layout_vaults_omnibox
Vaults:4: biasface_ghost_orc_armoury, ontoclasm_vaults_ring_square,
          nicolae_vaults_more_shelving_1, v_misc_8, nicolae_vaults_c_with_doors,
          nicolae_vaults_gold_heap, nicolae_vaults_layer_cake_slice,
          vaults_room_stairs_pillars, nicolae_vaults_house_3,
          ontoclasm_vaults_tryst, nicolae_vaults_six-pack, vaults_mumra_hexcomb,
          layout_vaults_big_room, serial_shops, nicolae_shop_industrial_runoff
Vaults:5: serial_shops
Depths:1: layout_long_grid, minmay_misc_feat_square, hell_entry,
          grunt_pan_entry_zigzag, nicolae_blasting_shop,
          nicolae_shop_overcharged_wands, minmay_shop_star
Depths:2: minmay_the_grid_triangle_9x9_recursive_2
          [minmay_the_grid_triangle_9x9_prize_special,
          minmay_the_grid_triangle_9x9_zippers_vertical,
          minmay_the_grid_triangle_9x9_pentomino_pain,
          minmay_the_grid_triangle_9x9_dagger], layout_cave_pools,
          minmay_room_of_horrors, hell_entry, grunt_pan_entry_sceptre,
          infiniplex_staircase_pool_2, uniq_enchantress
Depths:3: kennysheep_funnel, layout_honeycomb, enter_ziggurat_f,
          elyvilon_altar_4, abyss_entry_small_statue_room,
          pf_vacation_house_of_asmodeus, serial_bayou_shore_b,
          infiniplex_staircase_trident, firewood_loft, uniq_boris, uniq_vv
Depths:4: grunt_x_marks_the_spot, layout_cave_shapes,
          chequers_serial_rivers_micro_d, rand_demon_pan_entry_4,
          pf_hell_entry_tar_spiral, drop_trap

Skill      XL: |  1  2  3  4  5  6  7  8  9 10 11 12 13 14 15 16 17 18 19 20 21 22 23 |
---------------+----------------------------------------------------------------------+-----
Armour         | 4 5 7 8 9 10 11 12 14 15 16 18 19 20 21 | 21.8
Fighting       | 4 5 6 8 9 11 13 14 15 17 18 20 21 22 23 24 25 | 25.4
Shields        | 4 5 6 7 9 13 16 17 | 17.3
Short Blades   | 2 3 4 5 6 |  6.3
Dodging        | 1 2 3 4 |  4.9
Stealth        | 2 3 4 5 6 7 8 |  8.0
Maces & Flails | 3 7 9 11 12 13 | 13.4
Invocations    | 1 3 5 6 9 10 11 12 13 15 16 17 18 19 | 19.1
Long Blades    | 6 7 |  7.1
Polearms       | 8 11 13 15 16 18 19 20 21 | 21.1
Evocations     | 1 |  1.3
Axes           | |  2.8
Throwing       | |  0.2

Action                     |  1- 3 |  4- 6 |  7- 9 | 10-12 | 13-15 | 16-18 | 19-21 | 22-24 || total
---------------------------+-------+-------+-------+-------+-------+-------+-------+-------++-------
  Melee: Short sword       |    78 |   142 |   104 |       |       |       |       |       ||   324
         War axe           |     4 |       |       |       |       |       |       |       ||     4
         Headbutt          |     5 |    19 |    51 |   133 |   154 |   228 |   264 |   231 ||  1085
         Flail             |       |       |   154 |   522 |    86 |       |       |       ||   762
         Long sword        |       |       |       |       |   175 |       |       |       ||   175
         Trident           |       |       |       |       |   620 |  1057 |   985 |       ||  2662
         Demon trident     |       |       |       |       |       |       |   156 |   948 ||  1104
  Throw: Throwing net      |       |       |       |       |       |       |       |     1 ||     1
 Invoke: Stomp             |       |       |     1 |     8 |     5 |     1 |     4 |       ||    19
         Grand Finale      |       |       |       |     1 |     1 |     2 |     1 |     2 ||     7
         Line Pass         |       |       |       |       |       |       |       |     1 ||     1
  Evoke: Wand              |       |       |       |     2 |       |     1 |     3 |     3 ||     9
         Tin of tremorston |       |       |       |       |       |       |     3 |     1 ||     4
    Use: Scroll            |       |    12 |    11 |     7 |     9 |     4 |    10 |     7 ||    60
         Potion            |       |       |     5 |     3 |     7 |    12 |     6 |     9 ||    42
   Stab: Paralysed         |       |     2 |    15 |    40 |    85 |   110 |   141 |    71 ||   464
         Distracted        |       |       |       |       |       |     2 |     1 |       ||     3
         Petrified         |       |       |       |       |       |       |       |     4 ||     4
 Armour: Scale mail        |    24 |     5 |       |       |       |       |       |       ||    29
         Plate armour      |       |    33 |   133 |   341 |   728 |   777 |   562 |   270 ||  2844
  Dodge: Dodged            |    21 |    50 |   159 |   384 |   789 |   508 |   295 |   172 ||  2378
  Block: Buckler           |    20 |    23 |    61 |    32 |       |       |       |       ||   136
         Tower shield      |       |       |       |       |       |       |   307 |   591 ||   898
